 Dungeon Crawl Stone Soup version 0.26-a0-844-g3dd439832f (webtiles) character file.

Game seed: 6820295526231121532

867 pablito the Chopper (level 8, -5/71 HPs)
             Began as a Hill Orc Monk on Nov 18, 2020.
             Was a Follower of Beogh.
             Slain by an orc warrior
             ... wielding a +0 dire flail
              (12 damage)
             ... on level 5 of the Dungeon.
             The game lasted 00:23:52 (5669 turns).

pablito the Chopper (Hill Orc Monk)                 Turns: 5669, Time: 00:23:52

Health: -5/71      AC:  5    Str: 16    XL:     8   Next: 3%
Magic:  10/10      EV: 11    Int: 10    God:    Beogh [*.....]
Gold:   266        SH:  5    Dex: 13    Spells: 7/7 levels left

rFire    + . .     SeeInvis .   g - +1 mace (vorpal)
rCold    . . .     Faith    .   (no shield)
rNeg     . . .     Spirit   .   h - +0 ring mail {rF+}
rPois    .         Reflect  +   (no helmet)
rElec    .         Harm     .   u - scarf {repulsion}
rCorr    .         Rampage  .   (no gloves)
MR       .....                  (no boots)
Stlth    +.........             s - amulet of reflection
HPRegen  0.21/turn              (no ring)
MPRegen  0.12/turn              (no ring)

@: lightly drained, repel missiles
A: no striking features
a: Renounce Religion


You were on level 5 of the Dungeon.
You worshipped Beogh.
Beogh was aware of your devotion.
You visited 1 branch of the dungeon, and saw 6 of its levels.

You collected 266 gold pieces.

Inventory:

Hand Weapons
 a - a +0 hand axe
 b - a +0 morningstar
 d - a +0 hand axe
 g - a +1 vorpal mace (weapon)
 p - a +3 whip
Missiles
 m - 2 curare-tipped darts (quivered)
Armour
 h - a +0 ring mail of fire resistance (worn)
 o - a scarf of invisibility
 u - a scarf of repulsion (worn)
Jewellery
 s - an amulet of reflection (around neck)
Scrolls
 c - 2 scrolls of remove curse
 e - 4 scrolls of identify
 f - a scroll of amnesia
 j - a scroll of fog
 k - a scroll of fear
 n - a scroll of noise {unknown}
 q - a scroll of immolation {unknown}
 r - 2 scrolls of teleportation
Potions
 l - a potion of resistance
 t - a potion of curing


   Skills:
 + Level 6.8(6.2) Fighting
 + Level 7.5(6.9) Axes
 + Level 4.8(4.3) Armour
 - Level 2.6(2.0) Dodging
 - Level 1.8(1.3) Stealth
 + Level 2.8(2.3) Invocations


You had 7 spell levels left.
You didn't know any spells.
Your spell library contained the following spells:

 Spells                   Type           Power        Failure   Level
 Corona                   Hex            #......      56%         1
 Slow                     Hex            #.......     71%         2
 Inner Flame              Hex/Fire       #.......     90%         3
 Portal Projectile        Hex/Tloc       #.....       90%         3
 Cause Fear               Hex            #.........   100%        4
 Leda's Liquefaction      Hex/Erth       #.........   100%        4


Dungeon Overview and Level Annotations

Branches:
Dungeon (6/15)             Temple (0/1) D:5

Altars:
Dithmenos
Elyvilon
Ru
Sif Muna
Trog
Uskayaw
Zin

Shops:
D:4 [


Message History

Item here: a scale mail.
The floor.
Okay, then.
The orc shouts!
The orc warrior shouts!
You block the orc's attack.
You see here a scale mail.
You barely miss the orc.
The orc warrior hits you with a +0 dire flail.
The orc hits you but does no damage. The orc warrior closely misses you.
The orc hits you but does no damage.
You hit the orc.
The orc is severely wounded.
The orc hits you with a +0 dagger.
The orc warrior hits you with a +0 dire flail!
* * * LOW HITPOINT WARNING * * *
You hit the orc but do no damage.
The orc is severely wounded.
The orc hits you but does no damage.
The orc warrior hits you with a +0 dire flail!
You die...

##.....## #....#..##
###...###..#
#....##$##.###
......#.#.$.$##
...#.##.##.#..#
..####o..####..
..##(...@...(##.
###...##+#.o.####..
#......#.##.##.#..#
#.........#.#....##
#..).....##)##.#.#
######.........###......
.........###+#..#..../..
....)....# #..........
.........# +..........


You could see an orc warrior and an orc.

Vanquished Creatures
  An ice beast (D:5)
  A sky beast (D:5)
  An ogre (D:4)
  A howler monkey (D:4)
  A bullfrog skeleton (D:4)
  4 orc priests
  3 hounds
  2 worker ants (D:4)
  A hound skeleton (D:4)
  11 gnolls
  7 adders
  2 worms
  A dart slug (D:3)
  3 leopard geckos
  10 orcs
  A ball python (D:3)
  9 bats
  5 giant cockroaches
  9 hobgoblins
  10 jackals
  A quokka (D:2)
  6 frilled lizards
  14 goblins
  8 kobolds
  9 rats
121 creatures vanquished.

Vanquished Creatures (others)
  An orc priest (D:4)
  2 orc wizards (D:4)
  3 orcs (D:4)
  A jackal (D:4)
7 creatures vanquished.

Grand Total: 128 creatures vanquished

Notes
Turn   | Place    | Note
-------+----------+-------------------------------------------
     0 | D:1      | pablito the Hill Orc Monk began the quest for the Orb.
     0 | D:1      | Reached XP level 1. HP: 19/19 MP: 1/1
    87 | D:1      | Reached XP level 2. HP: 11/27 MP: 2/2
   750 | D:1      | Reached XP level 3. HP: 33/33 MP: 3/3
   957 | D:2      | Reached skill level 1 in Armour
  1259 | D:2      | Found a shadowy altar of Dithmenos.
  1300 | D:2      | Reached XP level 4. HP: 35/41 MP: 4/4
  1486 | D:2      | Found a white marble altar of Elyvilon.
  1508 | D:2      | Found a bloodstained altar of Trog.
  1763 | D:3      | Reached skill level 5 in Axes
  1969 | D:3      | Found a hide-covered altar of Uskayaw.
  2002 | D:3      | Found a shimmering blue altar of Sif Muna.
  2145 | D:3      | HP: 3/41 [asphyx]
  2151 | D:3      | Reached XP level 5. HP: 46/47 MP: 5/5
  2308 | D:3      | Reached skill level 5 in Fighting
  2689 | D:3      | Found a glowing silver altar of Zin.
  2689 | D:3      | Noticed an angel
  3135 | D:4      | Reached XP level 6. HP: 53/56 MP: 6/6
  3242 | D:4      | Reached skill level 6 in Axes
  3402 | D:4      | Became a worshipper of Beogh the Brigand
  3402 | D:4      | Reached * piety under Beogh
  3402 | D:4      | Reached ** piety under Beogh
  3422 | D:4      | Found Ilexab's Armour Shop.
  3437 | D:4      | HP: 4/56 [bullfrog skeleton (6)]
  3660 | D:4      | Reached XP level 7. HP: 30/63 MP: 0/7
  4162 | D:4      | Reached skill level 1 in Invocations
  4362 | D:5      | Entered Level 5 of the Dungeon
  4379 | D:5      | Found a staircase to the Ecumenical Temple.
  4511 | D:5      | Reached skill level 7 in Axes
  4815 | D:5      | Found a sacrificial altar of Ru.
  5422 | D:5      | Reached XP level 8. HP: 71/71 MP: 6/10
  5668 | D:5      | HP: 7/71 [orc warrior/+0 dire flail (16)]
  5669 | D:5      | Slain by an orc warrior

Illustrated notes

Levels and vault maps discovered:
D:1:      tarquinn_simple_flora_water_d, layout_basic
D:2:      layout_rooms, overflow_temple_1_default, elyvilon_altar_5,
          lightli_temple_of_fire
D:3:      layout_rooms, eat_drink_and_be_merry_uskayaw, zin_angel,
          nicolae_overflow_crystal_walls, grunt_ministairs_8,
          chequers_serial_rivers_micro_a, minmay_tree_intersection, st_stairs_10
D:4:      layout_cave_pools, serial_shops, nicolae_shop_statue_plus
D:5:      layout_gridville, overflow_temple_1_default,
          minmay_temple_entry_glass, minmay_fractal_squares_gapless_5,
          uniq_blork_the_orc
D:6:      layout_rooms, okawaru_metal_pillars_3, minmay_manual_mail

Skill      XL: |  1  2  3  4  5  6  7 |
---------------+----------------------+-----
Fighting       | 4 5 6 |  6.8
Armour         | 1 2 3 4 |  4.8
Axes           | 5 6 7 |  7.5
Invocations    | 2 |  2.8
Dodging        | |  2.6
Stealth        | |  1.8

Action                   |  1- 3 |  4- 6 |  7- 9 || total
-------------------------+-------+-------+-------++-------
Melee: Hand axe          |   125 |       |       ||   125
       Whip              |     7 |   217 |   103 ||   327
       Mace              |       |       |    16 ||    16
Throw: Dart              |       |    10 |       ||    10
Invok: Smiting           |       |     3 |     4 ||     7
       Convert to Beogh  |       |     1 |       ||     1
  Use: Potion            |       |     9 |       ||     9
       Scroll            |       |     8 |     5 ||    13
 Stab: Sleeping          |     1 |       |       ||     1
Armor: Robe              |    10 |       |       ||    10
       Scale mail        |    40 |   102 |       ||   142
       Ring mail         |       |       |    21 ||    21
Dodge: Dodged            |    84 |   152 |    65 ||   301
Block: Other             |       |    19 |    19 ||    38

Table legend: (Time is in decaauts)
 A = Elapsed time spent in this place.
 B = Non-inter-level travel time spent in this place.
 C = Inter-level travel time spent in this place.
 D = Time resting spent in this place.
 E = Time spent auto-exploring this place.
 F = Levels seen in this place.
 G = Mean time per level.
                   A        B        C        D        E       F      G
               +--------+--------+--------+--------+--------+-----+--------+
         Total |   5701 |   5631 |     70 |   1410 |   2895 |   6 |  950.2 |
       Dungeon |   5701 |   5631 |     70 |   1410 |   2895 |   6 |  950.2 |
               +--------+--------+--------+--------+--------+-----+--------+

Top non-repeatable levels by time:
     D:4: 1395 daAuts
     D:3: 1280 daAuts
     D:1: 929 daAuts
     D:5: 865 daAuts
     D:2: 791 daAuts
     D:6: 440 daAuts
